General information
- name: BNet
- type: Ladder team game (AT/RT)
- host: Battle.net
- saver: brucewillisusa
map: Goldshire
- players: 4
- length: 11:45
- speed: Fast
- version: 1.24 W3XP
- replay type: Public
» download(63 KB)
Players
team 1 (winner)

»
avid.milk2 (
pink | 99 APM | 1167 actions | 11:44)
3 Priestess of the Moon
2 Trueshot Aura
1 Scout
» actions
| Assign group hotkey | 34 | |
| Basic commands | 51 | |
| Build / train | 34 | |
| Enter build submenu | 11 | |
| Enter hero's abilities submenu | 3 | |
| Right click | 682 | |
| Select / deselect | 158 | |
| Select group hotkey | 168 | |
| Use ability | 26 | |
1167 total
» units
» upgrades
| Ultravision | 1 | |
| Strength of the Moon | 1 | |
| Moon Armor | 1 | |
3 total
» buildings
| Altar of Elders | 1 | |
| Moon Well | 4 | |
| Hunter's Hall | 2 | |
| Ancient of War | 2 | |
| Tree of Life | 1 | |
| Tree of Ages | 2 | |
12 total
» build order
00:07 Altar of Elders
00:17 Moon Well
01:26 Hunter's Hall
01:53 Ancient of War
02:06 Moon Well
02:12 Hunter's Hall
02:26 Ancient of War
03:32 Moon Well
06:12 Tree of Life
08:09 Moon Well
08:10 Tree of Ages

»
brucewillisusa (
teal | 83 APM | 972 actions | 11:45)
4 Death Knight
2 Death Coil
2 Unholy Aura
2 Lich
1 Frost Nova
1 Dark Ritual
» actions
| Assign group hotkey | 44 | |
| Basic commands | 9 | |
| Build / train | 36 | |
| Enter build submenu | 14 | |
| Enter hero's abilities submenu | 6 | |
| Right click | 428 | |
| Select / deselect | 151 | |
| Select group hotkey | 228 | |
| Use ability | 56 | |
972 total
» units
| Acolyte | 2 | |
| Ghoul | 1 | |
| Crypt Fiend | 13 | |
| Obsidian Statue | 1 | |
17 total
» upgrades
» buildings
| Graveyard | 1 | |
| Crypt | 1 | |
| Altar of Darkness | 1 | |
| Ziggurat | 6 | |
| Tomb of Relics | 1 | |
| Halls of the Dead | 1 | |
| Nerubian Tower | 1 | |
| Black Citadel | 3 | |
| Slaughterhouse | 1 | |
| Sacrificial Pit | 2 | |
18 total
» build order
00:10 Graveyard
00:15 Crypt
00:30 Altar of Darkness
00:47 Ziggurat
01:04 Tomb of Relics
01:56 Ziggurat
03:10 Ziggurat
03:53 Halls of the Dead
04:01 Nerubian Tower
06:25 Black Citadel
06:26 Black Citadel
06:26 Black Citadel
06:28 Slaughterhouse
06:30 Ziggurat
08:59 Sacrificial Pit
11:01 Ziggurat
11:01 Ziggurat
11:08 Sacrificial Pit
» items
| Rod of Necromancy | 2 | |
| Dust of Appearance | 1 | |
| Sacrificial Skull | 1 | |
4 total
team 2 (loser)
AbsolutZach (
yellow | 67 APM | 748 actions | 11:05)
2 Blademaster
1 Wind Walk
1 Critical Strike
1 Shadow Hunter
1 Healing Wave
» actions
| Assign group hotkey | 11 | |
| Basic commands | 39 | |
| Build / train | 39 | |
| ESC pressed | 13 | |
| Enter build submenu | 17 | |
| Enter hero's abilities submenu | 3 | |
| Right click | 330 | |
| Select / deselect | 155 | |
| Select group hotkey | 88 | |
| Use ability | 53 | |
748 total
» units
| Peon | 8 | |
| Grunt | 13 | |
| Spirit Walker | 1 | |
22 total
» upgrades
| Armor | 2 | |
| Melee Weapons | 1 | |
| Berserker Strength | 1 | |
4 total
» buildings
| Altar of Storms | 2 | |
| Orc Burrow | 4 | |
| Barracks | 1 | |
| Voodoo Lounge | 1 | |
| Stronghold | 3 | |
| War Mill | 1 | |
| Spirit Lodge | 2 | |
| Watch Tower | 2 | |
| Fortress | 1 | |
17 total
» build order
00:06 Altar of Storms
00:12 Altar of Storms
00:14 Orc Burrow
00:56 Barracks
01:30 Orc Burrow
01:32 Orc Burrow
02:17 Voodoo Lounge
02:57 Stronghold
02:57 Stronghold
02:57 Stronghold
04:10 Orc Burrow
04:33 War Mill
05:42 Spirit Lodge
08:13 Watch Tower
08:16 Watch Tower
09:05 Fortress
09:15 Spirit Lodge
» items
| Healing Salve | 2 | |
| Potion of Healing | 1 | |
3 total
GetOffMyPlane (
purple | 59 APM | 696 actions | 11:43)
2 Keeper of the Grove
1 Entangling Roots
1 Force of Nature
1 Priestess of the Moon
1 Trueshot Aura
» actions
| Assign group hotkey | 15 | |
| Basic commands | 13 | |
| Build / train | 39 | |
| Enter build submenu | 9 | |
| Enter hero's abilities submenu | 3 | |
| Remove unit from queue | 1 | |
| Right click | 339 | |
| Select / deselect | 183 | |
| Select group hotkey | 60 | |
| Use ability | 34 | |
696 total
» units
» upgrades
| Strength of the Moon | 1 | |
| Improved Bows | 1 | |
| Druid of the Talon Training | 1 | |
3 total
» buildings
| Altar of Elders | 1 | |
| Moon Well | 3 | |
| Ancient of War | 2 | |
| Ancient of Wonders | 1 | |
| Hunter's Hall | 1 | |
| Tree of Ages | 1 | |
| Ancient of Wind | 1 | |
10 total
» build order
00:19 Altar of Elders
00:38 Moon Well
00:49 Ancient of War
01:50 Moon Well
02:23 Ancient of Wonders
03:42 Ancient of War
03:49 Hunter's Hall
04:20 Moon Well
05:32 Tree of Ages
08:00 Ancient of Wind
» items
Chat log
(00:04 / Allies) brucewillisusa: cuty
(00:33 / All) brucewillisusa: i like your name
(00:34 / Allies) avid.milk2: mars is hte best candy company
(00:35 / All) brucewillisusa: getoffmyplane
(00:38 / Allies) avid.milk2: lolol
(00:41 / All) GetOffMyPlane: i like hackers more
(00:53 / All) brucewillisusa: dh bm
(00:55 / All) brucewillisusa: dont need maphack
(00:58 / All) brucewillisusa: to see that noobshit coming
(01:01 / All) GetOffMyPlane: yeah but you do it anyway
(01:08 / All) avid.milk2: no u
(01:13 / All) GetOffMyPlane: oh okay
(01:17 / All) brucewillisusa: D
(01:17 / All) brucewillisusa: D
(01:17 / All) brucewillisusa: D
(01:20 / All) avid.milk2: little billy jeffy
(01:25 / Allies) brucewillisusa: we gotta win this now
(01:27 / Allies) brucewillisusa: its a grudge match
(01:29 / All) GetOffMyPlane: grow up
(01:42 / Allies) brucewillisusa: dont try harassing
(01:44 / All) GetOffMyPlane: dk fiends stat wyrm
(01:45 / Allies) brucewillisusa: u cant stop creep on this map
(01:45 / All) GetOffMyPlane: nub
(01:49 / All) brucewillisusa: i randomed my race
(01:52 / All) brucewillisusa: gaywad
(01:54 / All) GetOffMyPlane: doesnt matter
(01:58 / All) brucewillisusa: and i would have gone ghouls
(02:00 / All) brucewillisusa: if i didnt know this game
(02:02 / All) GetOffMyPlane: you're a hacker, and you suck cock like its your job
(02:02 / All) brucewillisusa: means so much to u
(02:08 / All) GetOffMyPlane: Nice pink
(02:12 / All) GetOffMyPlane: retard
(02:13 / Allies) brucewillisusa: :/
(02:21 / Allies) avid.milk2: i am an expert
(02:52 / Allies) brucewillisusa: just dont creep anything for him
(03:30 / Allies) brucewillisusa: res for tech
(03:36 / Allies) brucewillisusa: nvm
(03:37 / Allies) brucewillisusa: 2 early
(03:43 / Allies) brucewillisusa: k thatll do
(04:28 / Allies) brucewillisusa: here they come
(04:29 / Allies) brucewillisusa: bring hunts
(05:36 / Allies) brucewillisusa: fast
(05:44 / Allies) brucewillisusa: wait on me
(05:45 / Allies) brucewillisusa: lure it
(05:46 / Allies) brucewillisusa: with pot m
(06:19 / Allies) brucewillisusa: resforteck
(07:19 / Allies) brucewillisusa: rangecrage
(07:57 / All) AbsolutZach: lol maphack
(07:59 / All) brucewillisusa: nioiob
(08:01 / All) brucewillisusa: tryhard nerd
(08:03 / All) brucewillisusa: eat shit
(08:06 / All) GetOffMyPlane: us nerds
(08:10 / All) GetOffMyPlane: you have to hack
(08:11 / All) GetOffMyPlane: faggot
(08:18 / All) brucewillisusa: tryhard diehard
(08:35 / Allies) avid.milk2: V
(08:36 / Allies) avid.milk2: B
(09:03 / Allies) avid.milk2: turn around to get htem in the open?
(09:26 / All) brucewillisusa: mass archers
(09:27 / All) brucewillisusa: rofl
(09:33 / All) brucewillisusa: did u really not go dh
(09:36 / All) brucewillisusa: just cuz i said
(09:38 / All) brucewillisusa: dh bm
(09:39 / All) GetOffMyPlane: didnt
(09:39 / All) AbsolutZach: please dont talk shit when uu cheat
(10:13 / All) brucewillisusa: try hard die hard
(10:20 / All) brucewillisusa: pros vs joes
(10:23 / All) GetOffMyPlane: You from that movie Cheats?
(10:27 / All) brucewillisusa: lol who ats with a lagger noobshit
(10:28 / All) brucewillisusa: go do some more pusbhups
(10:28 / All) avid.milk2: a better waste of your efforts
(10:29 / All) brucewillisusa: lt2p
(10:30 / All) GetOffMyPlane: "do some push ups"
(10:31 / All) GetOffMyPlane: good one
(10:36 / All) GetOffMyPlane: gay little sidekick
(10:41 / All) brucewillisusa: poor mexican cant afford a computer
(10:48 / All) AbsolutZach: lol
(10:56 / All) AbsolutZach: not mexican just shitty college internet
(10:57 / Allies) brucewillisusa: wood
(11:01 / All) AbsolutZach: faggot
(11:04 / All) GetOffMyPlane: teal wouldnt know what college is
(11:14 / All) brucewillisusa: bet u go to a shitty school
(11:17 / All) brucewillisusa: tryhard diehard
(11:19 / All) GetOffMyPlane: i bet i dont
(11:21 / All) GetOffMyPlane: faggot
(11:21 / All) brucewillisusa: bet u picked a shitty major too
(11:25 / All) avid.milk2: im on a beach
(11:28 / All) GetOffMyPlane: shitty major
(11:42 / All) brucewillisusa: nice hero